General information
			
			
        
        - name: BNet
 
        - type: Ladder team game (AT/RT)
 
        - host: Battle.net
 
        - saver: Noinu
 
        
map: DragonFalls 
        - players: 8
 
        - length: 41:09
 
        - speed: Fast
 - version: 1.21 W3XP
 - replay type:  Public
 
» download(275 KB)
Players
        team 1 (winner) 
              
              
nemofulcrum (
purple | 31 APM | 1273 actions | 40:56)
              
 5 Blademaster 
 3 Wind Walk
 2 Critical Strike
 
                » actions 
                
                | Assign group hotkey | 9 |  | 
| Basic commands | 4 |  | 
| Build / train | 49 |  | 
| ESC pressed | 5 |  | 
| Enter build submenu | 96 |  | 
| Enter hero's abilities submenu | 5 |  | 
| Right click | 478 |  | 
| Select / deselect | 323 |  | 
| Select group hotkey | 174 |  | 
| Use ability | 130 |  | 
                1273 total
 » units 
                » upgrades
                
                | Spiked Barricades | 1 |  | 
| Reinforced Defenses | 1 |  | 
| Liquid Fire | 1 |  | 
                3 total
 » buildings
                
                | Orc Burrow | 8 |  | 
| Altar of Storms | 1 |  | 
| War Mill | 4 |  | 
| Watch Tower | 61 |  | 
| Voodoo Lounge | 1 |  | 
| Great Hall | 3 |  | 
| Stronghold | 1 |  | 
| Fortress | 1 |  | 
| Beastiary | 4 |  | 
                84 total
 » build order
                00:04 Orc Burrow
00:07 Altar of Storms
00:43 War Mill
01:56 Watch Tower
02:37 Watch Tower
02:43 Watch Tower
03:47 Watch Tower
03:54 Orc Burrow
04:02 Watch Tower
04:28 Watch Tower
05:02 Voodoo Lounge
05:11 Watch Tower
05:17 Orc Burrow
05:48 Watch Tower
05:53 Watch Tower
06:08 Watch Tower
06:12 Watch Tower
08:06 Watch Tower
08:07 Watch Tower
08:11 Watch Tower
08:13 Watch Tower
08:24 Watch Tower
08:43 Watch Tower
09:12 Watch Tower
10:20 Watch Tower
10:25 Watch Tower
10:52 Watch Tower
10:54 Watch Tower
10:57 Watch Tower
11:11 War Mill
11:59 Orc Burrow
12:48 Watch Tower
13:13 Great Hall
13:19 Great Hall
13:31 Great Hall
13:55 Orc Burrow
14:03 Watch Tower
14:08 Watch Tower
15:46 Watch Tower
16:56 Watch Tower
17:00 Watch Tower
17:19 Watch Tower
17:23 Watch Tower
17:32 Watch Tower
17:45 Stronghold
18:06 Watch Tower
18:27 Watch Tower
18:38 Watch Tower
20:16 Orc Burrow
20:19 Watch Tower
20:40 Fortress
20:49 Watch Tower
21:38 Watch Tower
21:53 Watch Tower
21:58 Watch Tower
22:43 Orc Burrow
23:04 War Mill
24:19 Watch Tower
24:21 Watch Tower
25:27 Beastiary
27:01 Beastiary
28:04 Watch Tower
28:07 Watch Tower
28:30 Beastiary
28:32 Beastiary
28:56 Orc Burrow
30:27 War Mill
30:51 Watch Tower
30:56 Watch Tower
33:44 Watch Tower
34:16 Watch Tower
34:18 Watch Tower
34:23 Watch Tower
34:55 Watch Tower
35:26 Watch Tower
35:36 Watch Tower
37:21 Watch Tower
37:24 Watch Tower
37:25 Watch Tower
37:29 Watch Tower
37:31 Watch Tower
37:44 Watch Tower
38:41 Watch Tower
38:44 Watch Tower
» items
                
                | Healing Salve | 3 |  | 
| Orb of Lightning | 1 |  | 
| Tiny Great Hall | 1 |  | 
                5 total
  
               
              
              
Noinu (
blue | 52 APM | 2159 actions | 41:09)
              
 6 Blademaster 
 3 Wind Walk
 2 Critical Strike
 1 Bladestorm
 
                » actions 
                
                | Assign group hotkey | 22 |  | 
| Basic commands | 165 |  | 
| Build / train | 84 |  | 
| Enter build submenu | 33 |  | 
| Enter hero's abilities submenu | 6 |  | 
| Give item / drop item | 1 |  | 
| Remove unit from queue | 2 |  | 
| Right click | 392 |  | 
| Select / deselect | 384 |  | 
| Select group hotkey | 875 |  | 
| Use ability | 195 |  | 
                2159 total
 » units 
                » upgrades
                
                | Spiked Barricades | 1 |  | 
| Ranged Weapons | 3 |  | 
| Liquid Fire | 1 |  | 
| Reinforced Defenses | 1 |  | 
                6 total
 » buildings
                
                | Altar of Storms | 1 |  | 
| Orc Burrow | 4 |  | 
| War Mill | 1 |  | 
| Watch Tower | 28 |  | 
| Voodoo Lounge | 1 |  | 
| Stronghold | 1 |  | 
| Beastiary | 3 |  | 
| Fortress | 1 |  | 
| Great Hall | 2 |  | 
                42 total
 » build order
                00:03 Altar of Storms
00:05 Orc Burrow
00:37 War Mill
01:57 Watch Tower
02:03 Watch Tower
02:26 Orc Burrow
03:37 Watch Tower
03:39 Watch Tower
03:42 Watch Tower
03:57 Voodoo Lounge
04:48 Stronghold
04:54 Watch Tower
05:00 Watch Tower
05:22 Watch Tower
06:05 Watch Tower
06:08 Watch Tower
06:26 Watch Tower
06:33 Watch Tower
06:44 Watch Tower
07:50 Beastiary
07:52 Beastiary
08:10 Orc Burrow
08:13 Watch Tower
09:41 Fortress
09:47 Watch Tower
12:39 Orc Burrow
13:57 Watch Tower
16:59 Beastiary
18:20 Great Hall
18:28 Watch Tower
18:29 Watch Tower
18:31 Watch Tower
18:33 Watch Tower
20:17 Watch Tower
20:19 Watch Tower
20:20 Watch Tower
20:21 Watch Tower
25:34 Watch Tower
25:36 Watch Tower
29:22 Great Hall
30:35 Watch Tower
33:11 Watch Tower
» items
                
                | Healing Salve | 3 |  | 
| Lesser Clarity Potion | 5 |  | 
| Orb of Lightning | 1 |  | 
| Scroll of Town Portal | 4 |  | 
| Potion of Healing | 3 |  | 
| Potion of Mana | 1 |  | 
| Periapt of Vitality | 1 |  | 
| Potion of Lesser Invulnerability | 1 |  | 
                19 total
  
               
              
              
Panda_Slammed (
green | 51 APM | 2074 actions | 40:56)
              
 7 Blood Mage 
 3 Flame Strike
 3 Siphon Mana
 1 Summon Phoenix
 
                » actions 
                
                | Basic commands | 208 |  | 
| Build / train | 83 |  | 
| Enter build submenu | 60 |  | 
| Enter hero's abilities submenu | 7 |  | 
| Give item / drop item | 1 |  | 
| Right click | 920 |  | 
| Select / deselect | 595 |  | 
| Use ability | 200 |  | 
                2074 total
 » units 
                » upgrades
                
                | Masonry | 2 |  | 
| Fragmentation Shards | 1 |  | 
| Flare | 1 |  | 
| Sorceress Training | 2 |  | 
| Magic Sentry | 1 |  | 
                7 total
 » buildings
                
                | Altar of Kings | 2 |  | 
| Farm | 9 |  | 
| Lumber Mill | 2 |  | 
| Scout Tower | 87 |  | 
| Guard Tower | 37 |  | 
| Arcane Vault | 1 |  | 
| Blacksmith | 1 |  | 
| Keep | 1 |  | 
| Castle | 1 |  | 
| Workshop | 3 |  | 
| Arcane Sanctum | 2 |  | 
| Town Hall | 2 |  | 
                148 total
 » build order
                00:08 Altar of Kings
00:11 Altar of Kings
00:14 Farm
00:41 Lumber Mill
00:51 Farm
01:40 Scout Tower
01:41 Scout Tower
01:45 Scout Tower
01:46 Scout Tower
02:11 Guard Tower
02:20 Guard Tower
02:35 Scout Tower
02:36 Scout Tower
02:36 Scout Tower
02:37 Scout Tower
02:38 Scout Tower
02:39 Scout Tower
02:42 Scout Tower
03:23 Guard Tower
03:29 Guard Tower
03:30 Guard Tower
03:31 Scout Tower
03:32 Scout Tower
03:52 Arcane Vault
03:57 Blacksmith
04:04 Guard Tower
04:10 Guard Tower
04:18 Guard Tower
04:43 Scout Tower
04:46 Guard Tower
04:59 Scout Tower
05:00 Scout Tower
05:01 Scout Tower
05:14 Keep
05:16 Guard Tower
05:57 Guard Tower
05:59 Scout Tower
06:00 Scout Tower
06:19 Farm
06:29 Guard Tower
06:40 Scout Tower
06:42 Scout Tower
06:43 Scout Tower
06:45 Scout Tower
06:46 Scout Tower
06:46 Scout Tower
07:51 Guard Tower
07:53 Guard Tower
07:55 Castle
08:22 Scout Tower
08:23 Scout Tower
08:24 Scout Tower
08:25 Scout Tower
08:25 Scout Tower
08:26 Scout Tower
08:54 Guard Tower
08:56 Guard Tower
09:18 Guard Tower
09:43 Guard Tower
09:56 Workshop
10:11 Guard Tower
10:43 Scout Tower
10:44 Scout Tower
12:04 Workshop
12:28 Guard Tower
12:45 Guard Tower
12:47 Scout Tower
12:48 Scout Tower
12:49 Scout Tower
13:04 Farm
13:05 Farm
13:40 Farm
13:41 Farm
14:19 Scout Tower
14:19 Scout Tower
14:20 Scout Tower
14:21 Scout Tower
14:22 Scout Tower
14:42 Scout Tower
14:42 Scout Tower
14:43 Scout Tower
14:45 Scout Tower
14:46 Scout Tower
15:56 Guard Tower
16:25 Guard Tower
16:42 Farm
16:42 Farm
17:56 Guard Tower
19:43 Scout Tower
19:43 Scout Tower
19:43 Scout Tower
19:56 Arcane Sanctum
20:13 Guard Tower
20:54 Guard Tower
21:11 Guard Tower
21:29 Scout Tower
22:23 Workshop
22:26 Arcane Sanctum
24:02 Scout Tower
24:03 Scout Tower
24:05 Scout Tower
24:05 Scout Tower
24:07 Scout Tower
24:07 Scout Tower
24:09 Scout Tower
24:10 Scout Tower
24:12 Scout Tower
24:13 Scout Tower
24:16 Scout Tower
24:17 Scout Tower
25:15 Lumber Mill
27:01 Guard Tower
30:35 Scout Tower
30:36 Scout Tower
30:37 Scout Tower
30:38 Scout Tower
30:40 Scout Tower
30:42 Scout Tower
30:44 Scout Tower
30:45 Scout Tower
30:48 Town Hall
30:50 Scout Tower
31:05 Guard Tower
31:19 Guard Tower
36:01 Guard Tower
36:04 Scout Tower
36:05 Scout Tower
36:06 Scout Tower
36:06 Scout Tower
36:10 Scout Tower
36:11 Scout Tower
36:12 Scout Tower
36:15 Scout Tower
36:16 Scout Tower
36:17 Scout Tower
36:19 Scout Tower
36:20 Scout Tower
36:20 Scout Tower
36:21 Scout Tower
36:22 Scout Tower
36:22 Scout Tower
36:36 Guard Tower
36:39 Guard Tower
37:57 Guard Tower
38:38 Guard Tower
38:54 Guard Tower
39:28 Town Hall
39:35 Guard Tower
» items
                
                | Lesser Clarity Potion | 3 |  | 
| Healing Salve | 2 |  | 
| Scroll of Speed | 1 |  | 
| Scroll of Regeneration | 1 |  | 
| Orb of Lightning | 1 |  | 
| Scroll of Town Portal | 2 |  | 
                10 total
  
               
              
              
Sylink (
pink | 87 APM | 3548 actions | 40:56)
              
 10 Blademaster 
 3 Wind Walk
 3 Critical Strike
 1 Bladestorm
 3 Mirror Image
 
                » actions 
                
                | Assign group hotkey | 53 |  | 
| Basic commands | 101 |  | 
| Build / train | 68 |  | 
| ESC pressed | 1 |  | 
| Enter build submenu | 41 |  | 
| Enter hero's abilities submenu | 10 |  | 
| Give item / drop item | 5 |  | 
| Right click | 1627 |  | 
| Select / deselect | 371 |  | 
| Select group hotkey | 1111 |  | 
| Use ability | 160 |  | 
                3548 total
 » units 
                
                | Peon | 11 |  | 
| Wind Rider | 11 |  | 
| Troll Batrider | 7 |  | 
                29 total
 » upgrades
                
                | Ranged Weapons | 2 |  | 
| Envenomed Spears | 1 |  | 
| Reinforced Defenses | 1 |  | 
| Armor | 1 |  | 
| Liquid Fire | 1 |  | 
                6 total
 » buildings
                
                | Altar of Storms | 1 |  | 
| Orc Burrow | 5 |  | 
| War Mill | 1 |  | 
| Voodoo Lounge | 2 |  | 
| Watch Tower | 32 |  | 
| Stronghold | 1 |  | 
| Fortress | 1 |  | 
| Beastiary | 2 |  | 
| Great Hall | 1 |  | 
                46 total
 » build order
                00:06 Altar of Storms
00:08 Orc Burrow
00:58 War Mill
01:27 Voodoo Lounge
02:30 Watch Tower
02:32 Watch Tower
03:27 Watch Tower
03:29 Stronghold
03:43 Voodoo Lounge
03:52 Watch Tower
04:12 Orc Burrow
04:40 Watch Tower
04:57 Watch Tower
05:51 Fortress
06:00 Watch Tower
06:12 Watch Tower
06:57 Watch Tower
06:59 Watch Tower
08:10 Watch Tower
08:20 Watch Tower
08:22 Watch Tower
08:54 Beastiary
09:15 Beastiary
11:18 Orc Burrow
12:43 Orc Burrow
13:35 Watch Tower
13:36 Watch Tower
13:38 Watch Tower
14:25 Watch Tower
15:10 Watch Tower
15:11 Watch Tower
15:12 Watch Tower
16:01 Watch Tower
18:45 Great Hall
21:18 Orc Burrow
22:16 Watch Tower
24:27 Watch Tower
24:28 Watch Tower
24:29 Watch Tower
24:30 Watch Tower
24:32 Watch Tower
24:33 Watch Tower
24:33 Watch Tower
30:58 Watch Tower
38:04 Watch Tower
39:38 Watch Tower
» items
                
                | Healing Salve | 7 |  | 
| Lesser Clarity Potion | 7 |  | 
| Orb of Lightning | 1 |  | 
| Potion of Mana | 2 |  | 
| Scroll of Town Portal | 1 |  | 
| Potion of Lesser Invulnerability | 1 |  | 
| Boots of Speed | 1 |  | 
                20 total
  
               team 2 (loser) 
              
              
567-bot (
red | 49 APM | 1834 actions | 37:24)
              
 4 Paladin 
 3 Holy Light
 1 Divine Shield
 
                » actions 
                
                | Basic commands | 11 |  | 
| Build / train | 76 |  | 
| Enter build submenu | 22 |  | 
| Enter hero's abilities submenu | 4 |  | 
| Right click | 1147 |  | 
| Select / deselect | 469 |  | 
| Use ability | 105 |  | 
                1834 total
 » units 
                
                | Peasant | 6 |  | 
| Footman | 9 |  | 
| Goblin Zeppelin | 1 |  | 
| Gryphon Rider | 8 |  | 
| Dragonhawk Rider | 17 |  | 
| Rifleman | 7 |  | 
                48 total
 » upgrades
                
                | Defend | 1 |  | 
| Lumber Harvesting | 1 |  | 
| Storm Hammers | 1 |  | 
| Armor | 1 |  | 
| Cloud | 1 |  | 
| Swords | 1 |  | 
| Gunpowder | 1 |  | 
                7 total
 » buildings
                
                | Altar of Kings | 1 |  | 
| Barracks | 1 |  | 
| Farm | 11 |  | 
| Lumber Mill | 1 |  | 
| Arcane Vault | 1 |  | 
| Scout Tower | 1 |  | 
| Arcane Tower | 1 |  | 
| Keep | 1 |  | 
| Castle | 1 |  | 
| Gryphon Aviary | 3 |  | 
| Blacksmith | 1 |  | 
| Town Hall | 1 |  | 
                24 total
 » build order
                00:06 Altar of Kings
00:11 Barracks
00:31 Farm
01:19 Lumber Mill
01:31 Farm
02:03 Farm
02:29 Arcane Vault
03:05 Scout Tower
03:41 Arcane Tower
03:45 Farm
04:43 Farm
06:07 Keep
09:40 Castle
12:14 Gryphon Aviary
12:17 Gryphon Aviary
12:21 Gryphon Aviary
12:45 Blacksmith
16:22 Farm
18:38 Farm
18:40 Farm
19:52 Farm
20:31 Farm
22:56 Town Hall
26:21 Farm
» items
                
                | Lesser Clarity Potion | 5 |  | 
| Scroll of Regeneration | 3 |  | 
| Scroll of Town Portal | 1 |  | 
| Potion of Healing | 2 |  | 
| Potion of Mana | 2 |  | 
                13 total
  
               
              
              
AlvinTostig (
yellow | 43 APM | 1615 actions | 37:29)
              
 3 Archmage 
 2 Blizzard
 1 Brilliance Aura
 1 Paladin 
 1 Holy Light
 
                » actions 
                
                | Assign group hotkey | 107 |  | 
| Build / train | 71 |  | 
| Enter build submenu | 22 |  | 
| Enter hero's abilities submenu | 4 |  | 
| Remove unit from queue | 1 |  | 
| Right click | 894 |  | 
| Select / deselect | 402 |  | 
| Select group hotkey | 54 |  | 
| Use ability | 60 |  | 
                1615 total
 » units 
                
                | Peasant | 14 |  | 
| Footman | 11 |  | 
| Sorceress | 2 |  | 
| Priest | 10 |  | 
| Mortar Team | 4 |  | 
| Siege Engine | 7 |  | 
                48 total
 » upgrades
                
                | Defend | 1 |  | 
| Plating | 1 |  | 
| Priest Training | 2 |  | 
| Fragmentation Shards | 1 |  | 
| Flare | 0 |  | 
| Barrage | 1 |  | 
                6 total
 » buildings
                
                | Altar of Kings | 1 |  | 
| Farm | 9 |  | 
| Barracks | 2 |  | 
| Scout Tower | 2 |  | 
| Arcane Tower | 2 |  | 
| Keep | 1 |  | 
| Lumber Mill | 2 |  | 
| Arcane Sanctum | 1 |  | 
| Blacksmith | 1 |  | 
| Castle | 1 |  | 
| Workshop | 1 |  | 
| Arcane Vault | 1 |  | 
| Town Hall | 1 |  | 
                25 total
 » build order
                00:12 Altar of Kings
00:14 Farm
00:43 Barracks
00:56 Farm
01:25 Farm
02:10 Scout Tower
02:15 Farm
02:40 Arcane Tower
03:52 Farm
03:59 Barracks
05:02 Scout Tower
05:25 Keep
05:36 Arcane Tower
05:40 Lumber Mill
08:06 Arcane Sanctum
08:10 Blacksmith
10:42 Castle
10:51 Workshop
11:59 Farm
12:01 Farm
12:45 Farm
13:29 Farm
19:32 Lumber Mill
24:58 Arcane Vault
31:51 Town Hall
» items
                
                | Dust of Appearance | 2 |  | 
| Lesser Clarity Potion | 1 |  | 
| Scroll of Town Portal | 3 |  | 
                6 total
  
               
              
              
I(ing_of_Decay (
orange | 31 APM | 1249 actions | 40:56)
              
 3 Blood Mage 
 2 Flame Strike
 1 Siphon Mana
 3 Paladin 
 1 Holy Light
 2 Divine Shield
 1 Archmage 
 1 Summon Water Elemental
 
                » actions 
                
                | Assign group hotkey | 45 |  | 
| Basic commands | 2 |  | 
| Build / train | 70 |  | 
| Enter build submenu | 32 |  | 
| Enter hero's abilities submenu | 7 |  | 
| Remove unit from queue | 2 |  | 
| Right click | 561 |  | 
| Select / deselect | 403 |  | 
| Select group hotkey | 55 |  | 
| Use ability | 72 |  | 
                1249 total
 » units 
                
                | Peasant | 21 |  | 
| Rifleman | 12 |  | 
| Siege Engine | 6 |  | 
| Flying Machine | 7 |  | 
                46 total
 » upgrades
                
                | Gunpowder | 2 |  | 
| Barrage | 1 |  | 
| Plating | 1 |  | 
| Flak Cannons | 1 |  | 
                5 total
 » buildings
                
                | Altar of Kings | 1 |  | 
| Barracks | 2 |  | 
| Farm | 9 |  | 
| Blacksmith | 1 |  | 
| Lumber Mill | 2 |  | 
| Scout Tower | 3 |  | 
| Arcane Tower | 1 |  | 
| Keep | 1 |  | 
| Guard Tower | 2 |  | 
| Castle | 1 |  | 
| Workshop | 4 |  | 
| Town Hall | 3 |  | 
| Arcane Vault | 2 |  | 
                32 total
 » build order
                00:18 Altar of Kings
00:24 Barracks
00:27 Farm
01:15 Blacksmith
01:56 Lumber Mill
02:07 Farm
02:43 Scout Tower
03:21 Arcane Tower
04:37 Farm
04:51 Keep
05:21 Farm
05:38 Scout Tower
06:17 Scout Tower
06:20 Guard Tower
06:27 Barracks
07:07 Guard Tower
08:33 Farm
09:24 Farm
10:27 Castle
10:33 Farm
13:14 Workshop
13:50 Workshop
19:51 Workshop
20:25 Workshop
20:36 Town Hall
21:58 Farm
21:59 Farm
22:14 Arcane Vault
22:36 Arcane Vault
24:04 Town Hall
24:30 Lumber Mill
28:35 Town Hall
» items
                
                | Scroll of Regeneration | 1 |  | 
| Potion of Healing | 1 |  | 
| Scroll of Town Portal | 2 |  | 
                4 total
  
               
              
              
l(ing_of_Devils (
teal | 43 APM | 1607 actions | 37:18)
              
 5 Warden 
 3 Fan of Knives
 2 Blink
 2 Paladin 
 1 Divine Shield
 1 Holy Light
 3 Priestess of the Moon 
 2 Trueshot Aura
 1 Scout
 
                » actions 
                
                | Basic commands | 110 |  | 
| Build / train | 79 |  | 
| Enter build submenu | 24 |  | 
| Enter hero's abilities submenu | 11 |  | 
| Give item / drop item | 1 |  | 
| Remove unit from queue | 3 |  | 
| Right click | 482 |  | 
| Select / deselect | 809 |  | 
| Use ability | 86 |  | 
                1607 total
 » units 
                
                | Wisp | 19 |  | 
| Archer | 11 |  | 
| Huntress | 1 |  | 
| Druid of the Talon | 3 |  | 
| Chimaera | 11 |  | 
| Hippogryph | 6 |  | 
                51 total
 » upgrades
                
                | Strength of the Moon | 1 |  | 
| Improved Bows | 1 |  | 
| Strength of the Wild | 2 |  | 
| Druid of the Talon Training | 1 |  | 
| Corrosive Breath | 1 |  | 
| Reinforced Hides | 1 |  | 
                7 total
 » buildings
                
                | Altar of Elders | 2 |  | 
| Moon Well | 7 |  | 
| Ancient of War | 2 |  | 
| Ancient of Wonders | 2 |  | 
| Hunter's Hall | 1 |  | 
| Tree of Ages | 2 |  | 
| Tree of Eternity | 1 |  | 
| Ancient of Wind | 1 |  | 
| Chimaera Roost | 3 |  | 
| Tree of Life | 3 |  | 
                24 total
 » build order
                00:10 Altar of Elders
00:19 Moon Well
00:30 Ancient of War
01:50 Moon Well
02:06 Ancient of Wonders
03:03 Moon Well
03:58 Hunter's Hall
04:34 Ancient of War
04:51 Tree of Ages
05:54 Moon Well
08:23 Tree of Eternity
08:30 Ancient of Wind
10:54 Chimaera Roost
10:58 Chimaera Roost
11:00 Chimaera Roost
12:23 Moon Well
13:21 Moon Well
13:25 Tree of Life
14:09 Moon Well
21:15 Tree of Ages
21:37 Tree of Life
24:58 Tree of Ages
29:42 Tree of Life
29:55 Ancient of Wonders
30:50 Altar of Elders
» items
                 
                Chat log
          (00:10 / Allies) Noinu: serious?
(00:17 / Allies) Noinu: because tri human is no good imo
(07:03 / Allies) Noinu: suck
(07:57 / Allies) Noinu: breach
(08:04 / Allies) Sylink: defend faggots
(08:24 / Allies) Sylink: rebuild
(09:42 / Allies) Sylink: can i go to sleep now
(10:08 / Allies) Noinu: yes
(10:25 / Allies) Noinu: new search imo
(10:36 / Allies) Sylink: defendable
(10:41 / Allies) Noinu: true
(13:05 / Allies) Sylink: rebuild
(13:08 / Allies) Noinu: lumber
(13:13 / Allies) Sylink: got none
(15:58 / Allies) Sylink: lmaooo
(16:32 / Allies) Sylink: get anti tank
(16:33 / Allies) Sylink: motherfucks
(16:38 / Allies) Noinu: morts
(16:39 / Allies) Noinu: now
(19:08 / All) I(ing_of_Decay: wow, what a cool stragy, ist pussy back like the worlds largest vaginas
(19:17 / All) Sylink: wo bist du
(19:20 / All) Noinu: wow getting beat by pussys must be humiliating
(27:49 / Allies) Noinu: blocked
(30:08 / All) l(ing_of_Devils: ouch
(31:56 / All) I(ing_of_Decay: well you sure have figured out how to make this the least fun game ever
(35:39 / Allies) Noinu: goold
(36:41 / All) I(ing_of_Decay: wow, you guys sould try playing war craft three sometime its a great game, as opposed to pussy craft which you seem to play
(36:44 / All) Sylink: lmao
(36:46 / All) Sylink: gg noob
(37:01 / All) I(ing_of_Decay: WOW TOWERS, teach me how to do that patton
(37:14 / Allies) Noinu: ya
(37:18 / All) Sylink: lmao you guys fucking suck cocks
(37:22 / All) Sylink: gg
(37:23 / All) Sylink: bye
(37:24 / All) Sylink: uninstall
(37:27 / All) I(ing_of_Decay: Sure
(37:43 / All) I(ing_of_Decay: Fucking losers liek you ruing this game for everyone homo
(37:47 / All) Sylink: gg paladin
(37:50 / All) Sylink: clowns
(37:57 / All) Sylink: go back to the circus
(38:01 / All) Noinu: bye
(38:09 / All) Sylink: enjoy your dick sucking
(38:16 / All) Sylink: gg
(38:23 / All) I(ing_of_Decay: Kepp right on exploiting the most cheap shit in the game and thinking you have skill you no tallent pussy
(38:25 / All) Sylink: i got like ten thousand hero kills
(38:26 / All) Sylink: thanks
(38:27 / All) Sylink: gg
(38:31 / All) Sylink: siege is hard to use man i know
(38:35 / All) Noinu: keep making excuses
(38:37 / All) I(ing_of_Decay: from your towers you fag
(38:38 / All) Noinu: you suck
(38:45 / All) Sylink: clan towa 4 lyfe
(38:50 / All) I(ing_of_Decay: yep, you guys are the biggest bunch of hops Ive ever seen
(38:53 / All) Sylink: you lost
(38:54 / All) Sylink: noob
(38:58 / All) Sylink: build siege next time
(39:03 / All) Sylink: humans got this unit
(39:05 / All) Sylink: called mortars
(39:10 / All) I(ing_of_Decay: Not really looking to tips there douch
(39:18 / All) Noinu: how about spelling tips?
(39:20 / All) Noinu: douche?
(39:25 / All) Sylink: mortars and cloud and maybe some control/micro would help
(39:29 / All) Sylink: i mean
(39:35 / All) Sylink: i was at 5 before you guys were at 2
(39:38 / All) I(ing_of_Decay: How about not playing pussy back and actually playing the game moron,
(39:43 / All) Sylink: we did
(39:44 / All) Sylink: we won
(39:45 / All) Noinu: i played and won
(39:46 / All) I(ing_of_Decay: five hundred towere dic
(39:49 / All) Sylink: towers are a legitimate unit
(39:56 / All) Sylink: i made 2500 towers in one game once
(39:58 / All) I(ing_of_Decay: For fucking pussys
(40:04 / All) Sylink: imagine that, your brain would explode!
(40:06 / All) Noinu: losing is for puissys
(40:24 / All) I(ing_of_Decay: sure thing homo, its a battlefield stratagy game, try getting some stratagy next time
(40:25 / All) Noinu: rage much?
(40:32 / All) Sylink: actually
(40:33 / All) Noinu: read art of war
(40:39 / All) Sylink: throughout history, men built castles etc
(40:46 / All) I(ing_of_Decay: I'm so sick of playing against you people who are like retarted four year olds and think its good
(40:46 / All) Noinu: great wall of china
(40:50 / All) Sylink: GGGGGGGGGGGGG
(40:52 / All) Sylink: FAGGOT
(40:54 / All) I(ing_of_Decay: oh moron 
(40:55 / All) nemofulcrum: what a hard on